 Dungeon Crawl Stone Soup version 0.28.0-53-g5a82cb258f (webtiles) character file.

Game seed: 16538358961584247963

2 MisterFreud the Covert (level 1, -1/23 HPs)
             Began as a Gnoll Delver on June 28, 2022.
             Succumbed to Ijyb's poison
             ... on level 5 of the Dungeon.
             The game lasted 00:00:38 (165 turns).

MisterFreud the Covert (Gnoll Delver)                Turns: 165, Time: 00:00:39

Health: -1/23      AC:  3    Str: 11    XL:     1   Next: 30%
Magic:  1/1        EV: 13    Int:  9    God:
Gold:   0          SH:  0    Dex: 13    Spells: 0/0 levels left

rFire   . . .      SeeInvis .   a - +0 short sword
rCold   . . .      Faith    .   (no shield)
rNeg    . . .      Spirit   .   b - +0 leather armour
rPois   .          Reflect  .   (no helmet)
rElec   .          Harm     .   (no cloak)
rCorr   .          Rampage  .   (no gloves)
Will    .....                   (no boots)
Stlth   ++++......              (no amulet)
HPRegen 0.07/turn               (no ring)
MPRegen 0.07/turn               (no ring)

@: lethally poisoned (-1 -> -31)
A: fangs 1, strong nose, distributed training
a: no special abilities


You were on level 5 of the Dungeon.
You visited 1 branch of the dungeon, and saw 2 of its levels.

Inventory:

Hand Weapons
 a - a +0 short sword (weapon)
Missiles
 h - 6 boomerangs (quivered)
Armour
 b - a +0 leather armour (worn)
Wands
 g - a wand of digging (3)
Scrolls
 c - a scroll of fog
 d - a scroll of magic mapping
 e - a scroll of fear
 i - a scroll of identify {unknown}
 k - a scroll of enchant armour {unknown}
Potions
 f - a potion of haste


   Skills:
 + Level 6.4 Fighting
 + Level 4.4 Short Blades
 + Level 0.0 Long Blades
 + Level 0.0 Axes
 + Level 0.0 Maces & Flails
 + Level 0.0 Polearms
 + Level 0.0 Staves
 + Level 0.0 Slings
 + Level 0.0 Bows
 + Level 0.0 Crossbows
 + Level 0.0 Throwing
 + Level 0.0 Armour
 + Level 4.4 Dodging
 + Level 9.5 Stealth
 + Level 0.0 Shields
 + Level 0.0 Unarmed Combat
 + Level 0.0 Spellcasting
 + Level 0.0 Conjurations
 + Level 0.0 Hexes
 + Level 0.0 Summonings
 + Level 0.0 Necromancy
 + Level 0.0 Translocations
 + Level 0.0 Transmutations
 + Level 0.0 Fire Magic
 + Level 0.0 Ice Magic
 + Level 0.0 Air Magic
 + Level 0.0 Earth Magic
 + Level 0.0 Poison Magic
 + Level 0.1 Invocations
 + Level 0.0 Evocations


You couldn't memorise any spells.
You didn't know any spells.
Your spell library was empty.

Dungeon Overview and Level Annotations

Branches:
Dungeon (6/15)
 Temple: D:4-7

Altars:

Annotations:
D:5 Ijyb


Innate Abilities, Weirdness & Mutations

You have very sharp teeth.
Your uncanny sense of smell can sniff out nearby items.
Your experience applies equally to all skills.


Message History

The orc hits you but does no damage.
You hit the orc.
You kill the orc!
h - a boomerang You see here a +0 short sword.
You start resting.
HP restored.
Found a stone staircase leading up.
Found a stone staircase leading up.
Found 5 boomerangs.
Found a falchion.
Found 19 bolts.
Found a scroll labelled LUMNUZ TAPALIU.
h - 6 boomerangs (gained 5)
Found a pink potion.
i - a scroll labelled LUMNUZ TAPALIU
Found a scroll labelled XEMMAM FIVVOS.
Found 14 gold pieces.
j - a pink potion
k - a scroll labelled XEMMAM FIVVOS Ijyb the Twisted Goblin comes into view.
She is wielding a +1 dagger of venom and carrying a wand of digging (4).
Found a scroll labelled MYFAFA BUNY.
A howler monkey comes into view.
Ijyb shouts!
Ijyb hits you with a +1 dagger of venom.
You are poisoned.
It was a potion of cancellation.
You feel magically purged.
You feel very sick.
Ijyb hits you with a +1 dagger of venom.
You are lethally poisoned!
Unknown command.
Unknown command.
The howler monkey howls!
You hit Ijyb but do no damage. Your bite misses Ijyb.
You feel very sick.
Ijyb hits you with a +1 dagger of venom.
* * * LOW HITPOINT WARNING * * *
You are more poisoned.
You hit Ijyb but do no damage.
You die...

#.#.# #.# ∆ ....8.. #.#
#.#.# #.# ...≈≈≈. #.#
#.#.# #.# #..≈≈≈. #.#
#.#.###.# #..≈≈≈. #.#
#....##.### #..≈≈≈. ..#
#..#....... #...... #.#
##...##.###
#......###.#####.###.###
#.?..hg@.....)##.#......
##########.##.##.#.#####
#.##<##.#.# #.##<##.#.#
#.##.##.#.# #.##.##.#.#
#.##.#....# #.........#
####.#....#


You could see Ijyb and a howler monkey.

Vanquished Creatures
  An orc (D:5)
1 creature vanquished.

Notes
Turn   | Place    | Note
-------+----------+-------------------------------------------
     0 | D:5      | Reached skill level 9 in Stealth
     0 | D:5      | MisterFreud the Gnoll Delver began the quest for the Orb.
     0 | D:5      | Reached XP level 1. HP: 23/23 MP: 1/1
    24 | D:6      | Noticed an orc warrior
   158 | D:5      | Noticed Ijyb
   161 | D:5      | Noticed a howler monkey
   165 | D:5      | Succumbed to Ijyb's poison

Illustrated notes

Levels and vault maps discovered:
D:5:      layout_loops_ring, serial_park_tiny_pond, uniq_pikel, uniq_ijyb
D:6:      layout_basic, minmay_temple_entry_drinking_statues,
          nicolae_shop_sticking_my_neck_out

Skill      XL: | |
---------------+-+-----
Stealth        | |  9.5
Fighting       | |  6.4
Short Blades   | |  4.4
Dodging        | |  4.4
Invocations    | |  0.1

Action                   || total
-------------------------++-------
Melee: Short sword       ||     5
       Bite              ||     1
  Use: Potion            ||     1
Armor: Leather armour    ||     2
Dodge: Dodged            ||     1
